 Dungeon Crawl Stone Soup version 0.31-a0-496-g6f97920a28 (webtiles) character file.

Game seed: 2891707302192080825

2116 jasper the Skirmisher (level 9, -3/41 HPs)
             Began as a Spriggan Hexslinger on Aug 8, 2023.
             Was a Follower of Dithmenos.
             Slain by a wight
             ... wielding a +1 flail of freezing
              (6 damage)
             ... on level 6 of the Dungeon.
             The game lasted 00:09:52 (4599 turns).

jasper the Skirmisher (Spriggan Hexslinger)         Turns: 4599, Time: 00:09:53

Health: -3/41      AC:  2    Str:  7    XL:     9   Next: 8%
Magic:  0/12       EV: 17    Int: 15    God:    Dithmenos [*.....]
Gold:   215        SH:  5    Dex: 21    Spells: 10/10 levels left

rFire   + + .        a - +2 sling
rCold   . . .        j - +0 buckler of the Vaults {-Cast rF++ Will+ Str+3}
rNeg    . . .        c - +0 robe
rPois   .            (helmet restricted)
rElec   .            (no cloak)
rCorr   .            (gloves unavailable)
SInv    +            (boots unavailable)
Will    +++..        m - amulet of guardian spirit
Stlth   ++           w - ring of willpower
HPRegen 0.26/turn    (no ring)
MPRegen 0.13/turn

%: no spellcasting, guardian spirit
@: wreathed by umbra, very quick
A: very small, no large weapons, unfitting armour, see invisible, speed 3
a: Renounce Religion


You were on level 6 of the Dungeon.
You worshipped Dithmenos.
Dithmenos was aware of your devotion.
You visited 2 branches of the dungeon, and saw 7 of its levels.

You collected 215 gold pieces.

Inventory:

Hand Weapons
 a - a +2 sling (weapon)
 u - a +0 spear
Missiles
 o - 4 throwing nets
Armour
 c - a +0 robe (worn)
 i - a +0 buckler
 j - the +0 buckler of the Vaults (worn) {-Cast rF++ Will+ Str+3}
   (You acquired it on level 2 of the Dungeon)

   Str:       It affects your strength (+3).
   rF:        It greatly protects you from fire.
   -Cast:     It prevents spellcasting.
   Will:      It increases your willpower.
Jewellery
 h - a ring of wizardry
 m - an amulet of guardian spirit (around neck)
 s - the ring "Buffut" {Wiz rElec Will- Dex+6}
   (You found it on level 4 of the Dungeon)

   [ring of wizardry]

   It improves your spell success rate.
   Dex:       It affects your dexterity (+6).
   rElec:     It insulates you from electricity.
   Will:      It decreases your willpower.
 w - a ring of willpower (left hand)
Talismans
 e - a storm talisman
Wands
 f - a wand of charming (5)
 x - a wand of mindburst (13)
Scrolls
 b - 2 scrolls of poison
 d - a scroll of revelation
 l - 3 scrolls of immolation
 n - 2 scrolls of teleportation
 q - a scroll of enchant weapon
 v - 2 scrolls of fear
Potions
 g - a potion of degeneration
 k - a potion of attraction
 p - a potion of haste
 r - a potion of curing
 t - 2 potions of mutation {unknown}
 z - a potion of magic {unknown}


   Skills:
 - Level 1.0 Fighting
 + Level 12.1 Ranged Weapons
 - Level 2.6 Dodging
 - Level 1.3 Spellcasting
 - Level 3.6 Hexes


You had 10 spell levels left.
You didn't know any spells.
Your spell library contained the following spells:

 Spells                   Type           Power      Damage    Failure   Level
 Slow                     Hex            44%        N/A       9%          1
 Inner Flame              Hex/Fire       6%         N/A       50%         3
 Portal Projectile        Hex/Tloc       12%        N/A       50%         3
 Cause Fear               Hex            5%         N/A       65%         4
 Call Canine Familiar     Summ           1%         N/A       75%         3
 Leda's Liquefaction      Hex/Erth       3%         N/A       88%         4


Dungeon Overview and Level Annotations

Branches:
Dungeon (6/15)             Temple (1/1) D:4

Altars:
Ashenzari
Cheibriados
Dithmenos
Elyvilon
Fedhas
Gozag
Hepliaklqana
Kikubaaqudgha
Makhleb
Nemelex Xobeh
Okawaru
Qazlal
Ru
Sif Muna
Trog
Uskayaw
Vehumet
Wu Jian
Yredelemnul
Zin
The Shining One

Shops:
D:5 ?

Annotations:
D:1 1 transporter


Innate Abilities, Weirdness & Mutations

You are very small and have problems with some larger weapons.
You are too small for most types of armour.
You have supernaturally acute eyesight. (SInv)
You cover ground extremely quickly. (Speed+++)


Message History

The centaur is almost dead.
The centaur shoots an arrow.
You block the arrow.
Fire: a) +2 sling
Press: ? - help, Q - select action, (/) - cycle Shift-Dir - straight line, f/p - centaur
Aim: a centaur, wielding a +0 orcbow (almost dead, 76% to hit)
You shoot a sling bullet. The sling bullet hits the centaur.
The centaur is almost dead.
The centaur shoots an arrow.
The arrow barely misses you. The wight hits you with a +0 war axe!
The centaur shoots an arrow.
The arrow barely misses you.
You take 8 damage, and have 17/41 hp.
You now have 6/12 mp.
Fire: a) +2 sling
Press: ? - help, Q - select action, (/) - cycle Shift-Dir - straight line, f/p - centaur
Aim: a centaur, wielding a +0 orcbow (almost dead, 76% to hit)
You shoot a sling bullet. The sling bullet hits the centaur.
You kill the centaur!
Dithmenos accepts your kill.
The wight hits you with a +1 flail of freezing.
You feel drained. The wight freezes you. The wight hits you with a +0 war axe.
* * * LOW HITPOINT WARNING * * *
Your life force feels restored.
Your Ranged Weapons skill increases to level 12!
You take 10 damage, and have 7/41 hp.
MASSIVE DAMAGE!!
You now have 3/12 mp.
Fire: a) +2 sling
Press: ? - help, Q - select action, (/) - cycle Shift-Dir - straight line, f - wight
Aim: a wight, wielding a +1 flail of freezing and wearing a +0 robe (umbra, 68% to hit)
You shoot a sling bullet. The sling bullet hits the wight.
The wight is moderately damaged.
The wight completely misses you. The wight hits you with a +0 war axe.
* * * LOW HITPOINT WARNING * * *
You take 4 damage, and have 3/41 hp.
You now have 1/12 mp.
Fire: a) +2 sling
Press: ? - help, Q - select action, (/) - cycle Shift-Dir - straight line, f/p - wight
Aim: a wight, wielding a +1 flail of freezing and wearing a +0 robe (moderately damaged, umbra, 68% to hit)
You shoot a sling bullet.
The sling bullet hits the wight but does no damage.
The wight is moderately damaged.
The wight closely misses you.
The wight hits you with a +1 flail of freezing!
You die...

......>.......#
#.##.#.#
.#........####
#.##....
#####.##.#
#.#..... #....#
#....#.. ##..##
......##.#
####.####.......
#.# #.........#
..## #.#
#........## #..
#.z@......# ##.
#....$z...###.#
#..
...)......... #
###
.........#####
.........#
........##
........#
.....)..#


You could see 2 wights.

Vanquished Creatures
  Pikel (D:5)
  A water moccasin (D:5)
  An orc warrior (D:6)
  A black bear (D:3)
  A centaur (D:6)
  A lemure (D:5)
  5 phantoms
  A scorpion (D:5)
  A wight (D:6)
  A water moccasin skeleton (D:5)
  2 howler monkeys
  2 bullfrog zombies (D:5)
  4 orc priests
  2 jellies
  2 gnoll boudas
  A sleepcap (D:5)
  An orc wizard (D:3)
  2 hound skeletons (D:5)
  A howler monkey zombie (D:5)
  9 adders
  14 gnolls
  A shadow imp (D:6)
  An ufetubus (D:5)
  A worm (D:5)
  2 dart slugs
  14 orcs
  5 endoplasms
  2 giant cockroaches (D:1)
  4 goblins
  3 hobgoblins
  8 jackals
  8 kobolds
  4 quokkas
  2 ball pythons
  7 bats
  A frilled lizard (D:2)
  5 rats
122 creatures vanquished.

Notes
Turn   | Place    | Note
-------+----------+-------------------------------------------
     0 | D:1      | jasper the Spriggan Hexslinger began the quest for the Orb.
     0 | D:1      | Reached XP level 1. HP: 9/9 MP: 3/3
    56 | D:1      | Reached skill level 1 in Fighting
    77 | D:1      | Reached XP level 2. HP: 14/14 MP: 5/5
   187 | D:1      | Reached skill level 3 in Ranged Weapons
   348 | D:1      | Reached XP level 3. HP: 18/18 MP: 6/6
   654 | D:2      | Identified a scroll of acquirement
   654 | D:2      | Acquired the +0 buckler of the Vaults {-Cast rF++ Will+
                  | Str+3}
   767 | D:2      | You fall into a shaft and drop 2 floors!
   803 | D:4      | Identified the +5 quarterstaff of Banocif {flame, rF+ MP+9}
   866 | D:3      | Reached skill level 4 in Ranged Weapons
   977 | D:3      | Found a basalt altar of Yredelemnul.
  1016 | D:3      | Noticed a black bear
  1059 | D:3      | Killed a black bear
  1060 | D:3      | Reached skill level 5 in Ranged Weapons
  1060 | D:3      | Reached XP level 4. HP: 14/22 MP: 7/7
  1060 | D:3      | Reached XP level 5. HP: 16/25 MP: 8/8
  1570 | D:3      | Found an ancient bone altar of Kikubaaqudgha.
  1610 | D:3      | Reached skill level 6 in Ranged Weapons
  2033 | D:4      | Reached XP level 6. HP: 6/30 MP: 3/9
  2314 | D:4      | Identified the ring "Buffut" {Wiz rElec Will- Dex+6}
  2405 | D:4      | Reached skill level 7 in Ranged Weapons
  2577 | D:4      | Found a staircase to the Ecumenical Temple.
  2611 | Temple   | Entered the Ecumenical Temple
  2638 | Temple   | Became a worshipper of Dithmenos the Shadowed
  2690 | D:5      | Entered Level 5 of the Dungeon
  2741 | D:5      | Reached XP level 7. HP: 18/33 MP: 7/10
  2814 | D:5      | Reached skill level 8 in Ranged Weapons
  2926 | D:5      | Found a hazy altar of Hepliaklqana.
  2987 | D:5      | Found an iron altar of Okawaru.
  2987 | D:5      | Found a hide-covered altar of Uskayaw.
  2987 | D:5      | Found a snail-covered altar of Cheibriados.
  3069 | D:5      | Reached skill level 9 in Ranged Weapons
  3209 | D:5      | Reached XP level 8. HP: 21/37 MP: 5/11
  3358 | D:5      | Noticed Pikel
  3602 | D:5      | Killed Pikel
  3603 | D:5      | Reached skill level 10 in Ranged Weapons
  3735 | D:5      | Reached * piety under Dithmenos
  3736 | D:5      | Reached skill level 11 in Ranged Weapons
  3920 | D:5      | Found an opulent altar of Gozag.
  4088 | D:5      | Found Lufol's Magic Scroll Shop.
  4173 | D:6      | Found a white marble altar of Elyvilon.
  4287 | D:6      | Reached XP level 9. HP: 17/41 MP: 7/12
  4598 | D:6      | Reached skill level 12 in Ranged Weapons
  4599 | D:6      | Slain by a wight

Illustrated notes

Levels and vault maps discovered:
D:1:      spicycebolla_arrival_risky_transporter, layout_rooms
D:2:      layout_basic, dreamdust_ecumenical_altar_grove, minmay_lizard_king
D:3:      layout_loops_ring, kiku_gazebo_pond_becter, yredelemnul_altar_generic
D:4:      layout_rooms, minmay_temple_entry_gardened_gates
D:5:      layout_loops_ring, marbit_many_paths, minitemple, serial_undead,
          serial_undead_d, serial_undead_b, serial_undead_c, serial_undead_b,
          serial_shops, shop, uniq_pikel
D:6:      layout_rooms, nicolae_elyvilon_peaceful_grove, gup_sewer_entry_spiral,
          serial_bayou_pond_a
Temple:   nicolae_temple_bog_church

Skill      XL: |  1  2  3  4  5  6  7  8  9 |
---------------+----------------------------+-----
Fighting       | 1 |  1.0
Ranged Weapons | 3 5 6 7 9 11 12 | 12.1
Dodging        | |  2.6
Spellcasting   | |  1.3
Hexes          | |  3.6

Action                     |  1- 3 |  4- 6 |  7- 9 || total
---------------------------+-------+-------+-------++-------
  Melee: Unarmed           |     3 |       |       ||     3
   Fire: Sling             |   126 |   185 |   302 ||   613
  Evoke: Wand              |       |       |     9 ||     9
    Use: Scroll            |     6 |     7 |     1 ||    14
         Potion            |     1 |       |     1 ||     2
 Armour: Robe              |     7 |     2 |     5 ||    14
         Skin              |     1 |       |       ||     1
  Dodge: Dodged            |    61 |    59 |    89 ||   209
  Block: Buckler           |    15 |    22 |    33 ||    70

Table legend: (Time is in decaauts)
 A = Elapsed time spent in this place.
 B = Non-inter-level travel time spent in this place.
 C = Inter-level travel time spent in this place.
 D = Time resting spent in this place.
 E = Time spent auto-exploring this place.
 F = Levels seen in this place.
 G = Mean time per level.
                   A        B        C        D        E       F      G
               +--------+--------+--------+--------+--------+-----+--------+
         Total |   3595 |   3451 |    144 |    201 |   2245 |   7 |  513.6 |
       Dungeon |   3559 |   3439 |    120 |    201 |   2245 |   6 |  593.2 |
        Temple |     35 |     11 |     24 |      0 |      0 |   1 |   35.0 |
               +--------+--------+--------+--------+--------+-----+--------+

Top non-repeatable levels by time:
     D:5: 1178 daAuts
     D:3: 893 daAuts
     D:4: 545 daAuts
     D:1: 497 daAuts
     D:6: 335 daAuts
     D:2: 108 daAuts
  Temple: 35 daAuts
